 Dungeon Crawl Stone Soup version 0.15.2 (webtiles) character file.

3779 Heini the Basher (level 9, 0/85 HPs)
             Began as a Minotaur Fighter on Feb 13, 2015.
             Was a Believer of Okawaru.
             Killed from afar by Erolcha (14 damage)
             ... with a bolt of lightning
             ... on Level 9 of the Dungeon.
             The game lasted 00:17:44 (7817 turns).

Heini the Basher (Minotaur Fighter)                 Turns: 7817, Time: 00:17:45

HP   0/85        AC 17     Str 23      XL: 9   Next: 95%
MP   4/4         EV  4     Int  5      God: Okawaru [**....]
Gold 424         SH 10     Dex 11      Spells:  0 memorised,  8 levels left

rFire  . . .     SeeInvis +     y - +2 flail (crush) (curse)
rCold  . . .     Clarity  .     t - +0 plate armour (curse)
rNeg   . . .     rCorr    .     c - +1 shield (curse)
rPois  .         rRot     .     (helmet restricted)
rElec  .         Spirit   .     u - +0 cloak (curse)
SustAb .         Warding  .     A - +0 pair of gloves (curse)
rMut   .         Stasis   +     (no boots)
Gourm  .                        k - cursed amulet of stasis
MR     +....                    i - cursed ring of protection from magic
                                f - cursed ring of see invisible

@: somewhat resistant to hostile enchantments, extremely unstealthy
A: retaliatory headbutt, horns 2
a: Heroism, Renounce Religion


You were on level 9 of the Dungeon.
You worshipped Okawaru.
Okawaru was pleased with you.
You were not hungry.

You visited 2 branches of the dungeon, and saw 10 of its levels.
You also visited: Ossuary.

You collected 424 gold pieces.

Inventory:

Hand weapons
 y - a cursed +2 flail of crushing (weapon)
Armour
 c - a cursed +1 shield (worn)
 t - a cursed +0 plate armour (worn)
 u - a cursed +0 cloak (worn)
 A - a cursed +0 pair of gloves (worn)
Magical devices
 p - a wand of frost (6)
 q - a wand of magic darts (12) {unknown}
 x - a wand of paralysis (14) {unknown}
 F - a wand of digging (17) {unknown}
 H - a wand of lightning (6)
Comestibles
 d - 7 bread rations
 g - 12 slices of pizza
 h - a chunk of orc flesh
 n - 6 meat rations
Scrolls
 b - a scroll of teleportation
 e - 2 scrolls of blinking
 m - 3 scrolls of identify
 s - 4 scrolls of recharging {unknown}
 v - a scroll of fog
 w - 5 scrolls of remove curse
 z - 3 scrolls of amnesia
 B - 3 scrolls of enchant weapon
Jewellery
 f - a cursed ring of see invisible (left hand)
 i - a cursed ring of protection from magic (right hand)
 k - a cursed amulet of stasis (around neck)
Potions
 j - 2 potions of heal wounds
 l - a potion of poison {unknown}
 o - 2 potions of restore abilities
 r - 7 potions of curing
 C - 2 potions of might
 D - 2 potions of agility {unknown}
 E - a potion of lignification {unknown}
Books
 a - a Necronomicon {highlevel, unknown}

   This book is beyond your current level of understanding.

   Spells                             Type                      Level
   Haunt                              Necromancy/Summoning         7
   Borgnjor's Revivification          Necromancy                   8
   Death's Door                       Charms/Necromancy            8
   Necromutation                      Transmutation/Necromancy     8


   Skills:
 * Level 9.9 Fighting
 * Level 10.9 Maces & Flails
 * Level 10.2 Armour
 - Level 3.6 Shields


You had 8 spell levels left.
You didn't know any spells.

Dungeon Overview and Level Annotations

Branches:
Dungeon (9/15)             Temple (1/1) D:6
    Orc: D:9-12        Lair: D:8-11

Altars:
Ashenzari
Cheibriados
Dithmenos
Elyvilon
Fedhas
Kikubaaqudgha
Makhleb
Nemelex Xobeh
Okawaru
Qazlal
Sif Muna
Trog
Vehumet
Xom
Yredelemnul
Zin
The Shining One

Shops:
D:6 (

Annotations:
D:9 Erolcha


Innate Abilities, Weirdness & Mutations

You reflexively headbutt those who attack you in melee.
You have a pair of horns on your head.


Message History

Your headbutt misses the rat.
Erolcha drinks a potion.
Erolcha seems to speed up.
You block the rat's attack.
You hit the rat.
You kill the rat!
Okawaru accepts your kill.
You see here a rat corpse.
You barely miss Erolcha.
Erolcha hits you with a giant spiked club!!
You sock Erolcha!
Erolcha is moderately wounded.
Erolcha hits you with a giant spiked club!!
Your shield and plate armour prevent you from hitting Erolcha.
You headbutt Erolcha!
Erolcha is moderately wounded.
Erolcha zaps a wand.
The bolt of lightning hits you!
* * * LOW HITPOINT WARNING * * *
You are too injured to fight recklessly!
Erolcha casts a spell at you. The bolt of lightning hits you!
You die...

#.##'####
#.##.##.#######
#.............#
####.##.#####.###
#..............
#####..........
####.............
#................
#.......@........
#.......%........
#.......O........
...............
......!........
###............
#...........
#..........
.........


You could see Erolcha.

Vanquished Creatures
  The ghost of Heini the Covered, an experienced MiFi of Okawaru (D:6)
  Grinder (D:3)
  A two-headed ogre (D:8)
  Eustachio (D:5)
  A hippogriff (D:8)
  A sky beast (D:7)
  3 centaurs
  2 ogres
  2 orc warriors
  2 giant frogs
  A scorpion (D:7)
  A water moccasin zombie (D:8)
  The ghost of baramwind the Skirmisher, a weakling HOFi (D:3)
  4 wights (D:7)
  A troll zombie (Ossuary)
  5 crimson imps
  A quasit (D:6)
  A giant frog zombie (D:6)
  A goliath beetle (D:8)
  6 orc priests
  A centaur zombie (Ossuary)
  A hound (D:6)
  A jelly (D:7)
  7 orc wizards
  Natasha (thrice) (D:5)
  2 iguanas
  3 ogre zombies (Ossuary)
  5 worker ants
  A big kobold zombie (Ossuary)
  Ijyb (D:5)
  A big kobold skeleton (D:5)
  8 mummies
  8 adders
  2 green rats (D:5)
  3 white imps (D:5)
  3 shadow imps
  A worm (D:2)
  An ufetubus (D:5)
  An orc zombie (D:7)
  5 adder zombies (Ossuary)
  2 giant geckos
  2 oozes (D:2)
  30 orcs
  15 bats
  A bat zombie (D:7)
  4 giant cockroaches
  13 hobgoblins
  6 quokkas
  A ball python (D:2)
  5 giant newts
  A giant spore (D:7)
  12 goblins
  2 goblin skeletons
  A goblin zombie (Ossuary)
  4 hobgoblin zombies
  11 jackals
  20 kobolds
  4 kobold zombies (Ossuary)
  6 quokka zombies (Ossuary)
  16 rats
  6 rat zombies (Ossuary)
  A ballistomycete (D:7)
258 creatures vanquished.

Notes
Turn   | Place    | Note
--------------------------------------------------------------
     0 | D:1      | Heini, the Minotaur Fighter, began the quest for the Orb.
     0 | D:1      | Reached XP level 1. HP: 19/19 MP: 1/1
    34 | D:1      | Reached skill level 4 in Fighting
    41 | D:1      | Reached XP level 2. HP: 27/27 MP: 1/1
   289 | D:1      | Reached XP level 3. HP: 25/33 MP: 2/2
  1238 | D:3      | Noticed baramwind's ghost (weakling HOFi)
  1560 | D:3      | Killed baramwind's ghost
  1560 | D:3      | Reached skill level 5 in Fighting
  1560 | D:3      | Reached skill level 5 in Armour
  1560 | D:3      | Reached XP level 4. HP: 21/42 MP: 2/2
  1633 | D:3      | Noticed Grinder
  1647 | D:3      | Killed Grinder
  1647 | D:3      | Reached skill level 6 in Armour
  1647 | D:3      | Reached XP level 5. HP: 9/50 MP: 2/2
  1647 | D:3      | Reached XP level 6. HP: 10/57 MP: 3/3
  2212 | D:3      | Found an ancient bone altar of Kikubaaqudgha.
  2214 | D:3      | Found a stormy altar of Qazlal.
  2217 | D:3      | Found a glowing golden altar of the Shining One.
  2218 | D:3      | Found a glowing silver altar of Zin.
  2218 | D:3      | Found a shattered altar of Ashenzari.
  2219 | D:3      | Found a shadowy altar of Dithmenos.
  2221 | D:3      | Found a basalt altar of Yredelemnul.
  2223 | D:3      | Found a deep blue altar of Sif Muna.
  2608 | D:4      | Reached skill level 5 in Maces & Flails
  2638 | D:4      | Reached XP level 7. HP: 40/63 MP: 3/3
  2933 | D:5      | Entered Level 5 of the Dungeon
  3128 | D:5      | Noticed Natasha
  3135 | D:5      | Killed Natasha
  3197 | D:5      | Reached skill level 7 in Armour
  3300 | D:5      | Noticed Natasha
  3317 | D:5      | Killed Natasha
  3615 | D:5      | Noticed Ijyb
  3632 | D:5      | Killed Ijyb
  3661 | D:5      | Noticed Eustachio
  3710 | D:5      | Killed Eustachio
  3895 | D:5      | Noticed Natasha
  3898 | D:5      | Killed Natasha
  3966 | D:6      | Reached XP level 8. HP: 73/73 MP: 3/3
  4523 | D:6      | Found a staircase to the Ecumenical Temple.
  4530 | Temple   | Entered the Ecumenical Temple
  4550 | Temple   | Became a worshipper of Warmaster Okawaru
  4746 | D:6      | Noticed Heini's ghost (experienced MiFi)
  4751 | D:6      | Reached skill level 8 in Armour
  4760 | D:6      | Killed Heini's ghost
  4760 | D:6      | Acquired Okawaru's first power
  4766 | D:6      | Reached skill level 9 in Armour
  5004 | D:6      | Reached XP level 9. HP: 74/82 MP: 4/4
  5328 | D:6      | Found Vuvopuy's Weapon Shoppe.
  6489 | D:7      | Found a blossoming altar of Fedhas.
  6615 | D:8      | Found a sand-covered staircase.
  6623 | Ossuary  | Entered an ossuary
  6647 | Ossuary  | Reached skill level 10 in Maces & Flails
  6898 | Ossuary  | Reached skill level 10 in Armour
  7806 | D:9      | Noticed Erolcha
  7817 | D:9      | Killed from afar by Erolcha

Action                   |  1- 3 |  4- 6 |  7- 9 || total
-------------------------+-------+-------+-------++-------
Melee: Flail             |   112 |    79 |   542 ||   733
Evoke: Wand              |       |       |     1 ||     1
  Use: Scroll            |     6 |     4 |     8 ||    18
       Potion            |     1 |       |       ||     1
  Eat: Bread ration      |     1 |       |       ||     1
       Chunk             |       |     1 |    16 ||    17
       Beef jerky        |       |       |     1 ||     1
